AoeStats
← Siegward of Catarina

Team Islands

503149329Analyzed
3v3 RM · 1mo ago on Aug 30, 2026· 61m 37s· 6 players
Game mode
Random Map
Map size
Large (8 player)
Population
200
Speed
Normal
Resources
Standard
Victory
Conquest
Starting age
Dark Age
Ending age
Imperial Age
RankedLock teamsTeams togetherTeam positionsShared explorationLock speedFull tech treeHidden civsTurbo modeCheats
Victory
Defeat
🇹🇷 Vikings · Türkiye
830
+13
🇭🇺 Portuguese · Hungary
779
+15
🇪🇸 Goths · Spain
756
+16
844
-19
🇪🇪 Burgundians · Estonia
733
-13
🇮🇹 Sicilians · Italy
719
-13
pablo.robledoo
0:39 Loom
11:39 Feudal Age
17:24 Castle Age
15:30 Double-Bit Axe
16:24 Wheelbarrow
16:21 Stone Mining
16:26 Gold Mining
16:42 Horse Collar
17:35 Fishing Lines
21:54 Gillnets
23:39 Town Watch
24:04 Heavy Plow
24:18 Bow Saw
25:40 Stone Mining
26:12 Hand Cart
28:26 Town Patrol
29:39 Fletching
29:49 Padded Archer Armor
29:59 Forging
29:50 Scale Mail Armor
29:55 Scale Barding Armor
35:30 Imperial Age
36:23 Ballistics
35:59 Murder Holes
37:04 Iron Casting
36:44 Chain Mail Armor
35:57 Pikeman
36:38 Squires
38:30 Blast Furnace
38:52 Chemistry
38:03 Masonry
37:27 Halberdier
39:32 Perfusion
39:33 Anarchy
39:54 Conscription
39:27 Man-at-Arms
39:54 Long Swordsman
40:32 Bodkin Arrow
40:52 Leather Archer Armor
40:57 Chain Barding Armor
40:22 Two-Handed Swordsman
41:08 Champion
42:56 Shipwright
44:51 Bracer
45:21 Ring Archer Armor
45:45 Architecture
45:06 Heated Shot
46:25 Clinker Construction
46:32 Careening
Siegward of Catarina
12:50 Feudal Age
17:18 Castle Age
16:22 Fletching
17:59 Double-Bit Axe
20:19 Horse Collar
20:58 Heavy Plow
22:45 Gold Mining
23:53 Bow Saw
26:27 Gold Shaft Mining
25:43 Stone Mining
30:19 Imperial Age
27:52 Bodkin Arrow
29:36 Careening
30:51 Elite Longship
33:07 Bracer
34:24 Chemistry
33:44 Ballistics
33:46 Dry Dock
juhamate7
5:47 Loom
12:20 Feudal Age
16:41 Castle Age
23:55 Horse Collar
25:06 Fletching
25:17 Padded Archer Armor
25:33 Heavy Plow
29:33 Bodkin Arrow
29:53 Leather Archer Armor
32:22 Imperial Age
33:23 Elite Caravel
35:02 Bracer
35:32 Ring Archer Armor
39:58 Wheelbarrow
41:10 Elite Organ Gun
43:17 Chemistry
42:38 Ballistics
42:58 Arquebus
43:41 Crop Rotation
50:44 Medium Warships
50:15 Fishing Lines
51:36 Caravan
52:06 Coinage
51:47 Guilds
52:43 Hand Cart
52:43 Town Watch
53:23 Conscription
53:48 Heavy Warships
53:15 Gillnets
55:22 Forging
55:13 Scale Mail Armor
55:18 Scale Barding Armor
55:17 Circumnavigation
55:07 Double-Bit Axe
56:03 Banking
55:42 Stone Mining
55:42 Gold Mining
57:03 Careening
57:05 Clinker Construction
57:03 Siphons
59:47 Iron Casting
59:27 Chain Mail Armor
59:32 Chain Barding Armor
Hercule Poirot II
0:30 Loom
11:28 Feudal Age
11:58 Town Watch
13:00 Double-Bit Axe
13:40 Gold Mining
14:30 Bow Saw
14:11 Horse Collar
16:14 Heavy Plow
21:04 Castle Age
19:14 Fishing Lines
20:22 Gold Shaft Mining
20:32 Gillnets
21:01 Stone Mining
23:03 Two-Man Saw
22:50 Crop Rotation
22:59 Stone Shaft Mining
24:50 Town Patrol
25:26 Wheelbarrow
25:19 Medium Warships
25:30 Masonry
26:34 Hand Cart
26:06 Treadmill Crane
27:14 Murder Holes
32:03 Imperial Age
31:36 Fortified Wall
31:47 Ballistics
33:21 Fletching
33:31 Padded Archer Armor
33:41 Forging
33:31 Scale Mail Armor
33:37 Scale Barding Armor
34:05 Architecture
34:35 Chemistry
32:58 Pikeman
33:39 Squires
33:24 Arson
34:17 Heavy Warships
33:51 Onager
35:11 Hoardings
35:35 Bodkin Arrow
35:55 Leather Archer Armor
36:40 Caravan
37:59 Conscription
37:25 Elite Skirmisher
41:18 Burgundian Vineyards
42:48 Elite Cannon Galleon
43:35 Bracer
44:11 Iron Casting
43:51 Chain Mail Armor
43:57 Chain Barding Armor
46:40 Capped Ram
46:46 Crossbowman
57:09 Sanctity
57:00 Fervor
57:55 Blast Furnace
57:26 Plate Mail Armor
56:30 Sappers
57:49 Coinage
58:56 Plate Barding Armor
60:09 Banking
60:45 Guilds
allenmapo
12:58 Feudal Age
14:31 Fishing Lines
15:51 Horse Collar
18:49 Castle Age
17:22 Stone Mining
17:58 Double-Bit Axe
20:33 Wheelbarrow
22:13 Gillnets
23:35 Bow Saw
23:49 Medium Warships
26:15 Gold Mining
28:20 Gold Shaft Mining
28:22 Stone Shaft Mining
28:56 Hand Cart
30:50 Scale Barding Armor
30:45 Scale Mail Armor
30:57 Heavy Plow
31:28 Gambesons
31:44 Squires
33:19 Bloodlines
33:09 Husbandry
41:58 Ballistics
41:33 Murder Holes
41:51 Masonry
44:29 Imperial Age
43:57 Caravan
48:48 Chain Barding Armor
48:44 Chain Mail Armor
48:40 Forging
48:21 Fletching
48:31 Padded Archer Armor
48:25 Elite Serjeant
49:05 Light Cavalry
50:17 Cavalier
51:35 Guilds
51:49 Heated Shot
52:14 Siege Engineers
52:37 Onager
52:39 Heavy Scorpion
55:56 Plate Barding Armor
55:51 Plate Mail Armor
少打游戏多学习
11:24 Feudal Age
12:46 Horse Collar
14:18 Loom
14:34 Double-Bit Axe
17:22 Castle Age
17:52 Fletching
19:18 Bow Saw
19:29 Heavy Plow
19:58 Fervor
21:27 Town Watch
24:03 Wheelbarrow
29:21 Imperial Age
27:17 Padded Archer Armor
27:58 Hand Cart
28:04 Town Patrol
28:14 Scale Mail Armor
28:39 Squires
28:00 Pikeman
29:33 Sanctity
30:30 Hussite Reforms
31:06 Medium Warships
31:37 Conscription
34:06 Two-Man Saw
34:55 Chemistry
35:44 Heavy Warships
36:35 Heavy Warships
35:36 Elite Cannon Galleon
36:39 Wagenburg Tactics
36:06 Elite Hussite Wagon
38:05 Ballistics
37:51 Siege Engineers
39:04 Bombard Tower
38:31 Arrowslits
38:58 Guard Tower
39:51 Masonry
39:53 Careening
40:45 Houfnice
45:53 Caravan
49:59 Keep
49:21 Murder Holes
49:38 Clinker Construction
54:05 Forging
53:50 Bodkin Arrow
54:11 Leather Archer Armor
54:02 Scale Barding Armor
54:13 Chain Mail Armor
56:52 Husbandry
56:12 Cavalier
Connection lost

Rejoining the realm…

Still unreachable

The connection could not be restored.

Session expired

The server has moved on; the page needs a fresh start.